 Dungeon Crawl Stone Soup version 0.31-a0-37-g98a128e1d9 (webtiles) character file.

Game seed: 16135396817858578867

41 subawu the Gusty (level 3, 0/19 HPs)
             Began as a Tengu Air Elementalist on May 16, 2023.
             Slain by a gnoll
             ... wielding a +0 whip
              (2 damage)
             ... on level 2 of the Dungeon.
             The game lasted 00:05:49 (1391 turns).

subawu the Gusty (Tengu Air Elementalist)           Turns: 1391, Time: 00:05:49

Health: 0/19       AC: 11    Str: 10    XL:     3   Next: 52%
Magic:  7/7        EV:  1    Int: 15    God:
Gold:   50         SH:  0    Dex: 14    Spells: 5/6 levels left

rFire   . . .        c - +0 flail
rCold   . . .        (no shield)
rNeg    . . .        k - +1 plate armour
rPois   .            (helmet restricted)
rElec   .            (no cloak)
rCorr   .            (no gloves)
SInv    .            (boots unavailable)
Will    .....        (no amulet) Stlth
                     (no ring)
HPRegen 0.23/turn    (no ring)
MPRegen 0.10/turn

%: no passive effects
@: no status effects
A: beak, talons 3
a: no special abilities


You were on level 2 of the Dungeon.
You visited 1 branch of the dungeon, and saw 2 of its levels.

You collected 50 gold pieces.

Inventory:

Hand Weapons
 c - a +0 flail (weapon)
 d - a +0 club
 h - a +0 spear
 i - a +0 short sword of electrocution
Missiles
 j - 5 stones
Armour
 a - a +0 robe
 e - a +0 leather armour
 k - a +1 plate armour (worn)
Scrolls
 l - a scroll of identify
 m - a scroll of amnesia
Potions
 b - 2 potions of magic
 f - a potion of brilliance {unknown}
 g - 3 potions of might {unknown}


   Skills:
 + Level 2.6 Dodging
 + Level 2.4 Stealth
 + Level 2.3 Spellcasting
 + Level 2.3 Conjurations
 + Level 4.5 Air Magic


You had 5 spell levels left.
You knew the following spells:

 Your Spells              Type           Power      Damage    Failure   Level
a - Shock                 Conj/Air       44%        1d5       100%        1

Your spell library contained the following spells:

 Spells                   Type           Power      Damage    Failure   Level
 Static Discharge         Conj/Air       22%        2-3/arc   100%        2
 Swiftness                Air            15%        N/A       100%        3
 Airstrike                Air            7%         2d(2-18)  100%        4


Dungeon Overview and Level Annotations

Branches:
Dungeon (2/15)

Altars:


Innate Abilities, Weirdness & Mutations

You have a beak for a mouth.
You have claws for feet.


Message History

You kill the adder!
You see here an adder corpse.
You now have 50 gold pieces (gained 5).
You see here an adder corpse.
A gnoll comes into view. It is wielding a +0 club.
The gnoll shouts!
A gnoll comes into view. It is wielding a +0 whip.
The gnoll shouts!
You hear a shout!
The gnoll hits you but does no damage.
You hit the gnoll. Your kick misses the gnoll. Your peck misses the gnoll.
The gnoll is lightly wounded.
The gnoll hits you but does no damage.
You hit the gnoll.
The gnoll is moderately wounded.
The gnoll hits you but does no damage.
You closely miss the gnoll. You claw the gnoll, but do no damage.
The gnoll is moderately wounded.
The gnoll hits you with a +0 whip.
You hit the gnoll.
The gnoll is heavily wounded.
The gnoll hits you but does no damage. The gnoll hits you with a +0 whip.
You closely miss the gnoll. Your kick misses the gnoll.
Your peck misses the gnoll.
The gnoll is heavily wounded.
The gnoll hits you with a +0 whip.
You barely miss the gnoll. You claw the gnoll.
The gnoll is severely wounded.
The gnoll hits you but does no damage. x2
You barely miss the gnoll. Your peck misses the gnoll.
The gnoll is severely wounded.
The gnoll hits you with a +0 whip.
* * * LOW HITPOINT WARNING * * *
You completely miss the gnoll. Your kick misses the gnoll.
The gnoll is severely wounded.
The gnoll hits you with a +0 whip.
* * * LOW HITPOINT WARNING * * *
You closely miss the gnoll. You claw the gnoll.
The gnoll is almost dead.
The gnoll hits you with a +0 whip.
You die...

### ######.# #......#
##############.####.#
#...gg@...........#.#
#.##########.#.##.#.#
...#.##.#.#
###.#.##.#.#
#.#.##.#.# ..#....#.#
###############.#
.............†..#
...##############


You could see 2 gnolls.

Vanquished Creatures
  A gnoll (D:1)
  An adder (D:2)
  A dart slug (D:1)
  A ball python (D:1)
  3 bats (D:1)
  2 giant cockroaches (D:1)
  3 goblins (D:1)
  A hobgoblin (D:1)
  2 kobolds (D:1)
  A quokka (D:1)
  A frilled lizard (D:1)
  2 rats (D:1)
19 creatures vanquished.

Notes
Turn   | Place    | Note
-------+----------+-------------------------------------------
     0 | D:1      | subawu the Tengu Air Elementalist began the quest for the
                  | Orb.
     0 | D:1      | Reached XP level 1. HP: 10/10 MP: 4/4
   331 | D:1      | Reached XP level 2. HP: 11/15 MP: 6/6
   517 | D:1      | Reached XP level 3. HP: 17/19 MP: 7/7
  1391 | D:2      | Slain by a gnoll

Illustrated notes

Levels and vault maps discovered:
D:1:      lemuel_arrival_lava_pool, layout_loops_corners,
          dreamdust_princess_corridor, minmay_unequal
D:2:      layout_basic, basic_altar, nicolae_ecumenical_snake_handling,
          minmay_misc_feat_hallway, uniq_crazy_yiuf_cottage

Skill      XL: |  1  2 |
---------------+-------+-----
Conjurations   | 2 |  2.3
Dodging        | |  2.6
Stealth        | |  2.4
Spellcasting   | |  2.3
Air Magic      | |  4.5

Action                     || total
---------------------------++-------
  Melee: Flail             ||    57
         Unarmed           ||    11
         Kick              ||    17
         Peck              ||     6
         Punch             ||     1
    Use: Scroll            ||     6
 Armour: Robe              ||    16
         Plate armour      ||    56
         Leather armour    ||     1
  Dodge: Dodged            ||    52

Table legend: (Time is in decaauts)
 A = Elapsed time spent in this place.
 B = Non-inter-level travel time spent in this place.
 C = Inter-level travel time spent in this place.
 D = Time resting spent in this place.
 E = Time spent auto-exploring this place.
 F = Levels seen in this place.
 G = Mean time per level.
                   A        B        C        D        E       F      G
               +--------+--------+--------+--------+--------+-----+--------+
         Total |   1412 |   1396 |     16 |     15 |    520 |   2 |  706.0 |
       Dungeon |   1412 |   1396 |     16 |     15 |    520 |   2 |  706.0 |
               +--------+--------+--------+--------+--------+-----+--------+

Top non-repeatable levels by time:
     D:1: 1278 daAuts
     D:2: 134 daAuts
